 Dungeon Crawl Stone Soup version 0.30.1-11-g7821555f0a (webtiles) character file.

Game seed: 16568960139193901236

1546 RancidPinata the Trooper (level 8, -11/51 HPs)
             Began as a Gargoyle Gladiator on Dec 20, 2023.
             Was a Follower of Okawaru.
             Mangled by an ogre
             ... wielding a +0 giant spiked club
              (28 damage)
             ... on level 6 of the Dungeon.
             The game lasted 00:19:15 (5056 turns).

RancidPinata the Trooper (Gargoyle Gladiator)       Turns: 5056, Time: 00:19:15

Health: -11/51     AC: 13    Str: 18    XL:     8   Next: 87%
Magic:  8/8        EV: 12    Int: 15    God:    Okawaru [*.....]
Gold:   264        SH:  0    Dex: 13    Spells: 7/7 levels left

rFire   . . .        g - +3 flail
rCold   . . .        (no shield)
rNeg    + . .        r - +0 ring mail
rPois   ∞            c - +0 helmet
rElec   +            t - +0 cloak
rCorr   .            (no gloves)
SInv    .            (no boots)
Will    .....        (no amulet)
Stlth   ++           f - +6 ring of intelligence
HPRegen 0.28/turn    (no ring)
MPRegen 0.11/turn

%: no passive effects
@: brilliant, flying, hasted, very quick
A: sickness immunity, AC +5, negative energy resistance 1, electricity
resistance, torment resistance 1, petrification resistance
a: Renounce Religion, Heroism


You were on level 6 of the Dungeon.
You worshipped Okawaru.
Okawaru was aware of your devotion.
You visited 2 branches of the dungeon, and saw 7 of its levels.

You collected 264 gold pieces.

Inventory:

Hand Weapons
 g - a +3 flail (weapon)
Missiles
 d - 3 throwing nets
 e - 7 javelins
 i - 45 stones (quivered)
Armour
 c - a +0 helmet (worn)
 r - a +0 ring mail (worn)
 t - a +0 cloak (worn)
Jewellery
 f - a +6 ring of intelligence (left hand)
Wands
 y - a wand of polymorph (6)
Scrolls
 b - 2 scrolls of teleportation {unknown}
 j - 2 scrolls of vulnerability {unknown}
 k - a scroll of brand weapon {unknown}
 l - 3 scrolls of identify {unknown}
 m - 2 scrolls of blinking {unknown}
 o - a scroll of enchant armour {unknown}
 p - 2 scrolls of poison {unknown}
 q - 2 scrolls of immolation
 s - a scroll of summoning {unknown}
 z - a scroll of amnesia {unknown}
Potions
 a - a potion of haste
 h - a potion of berserk rage
 u - a potion of flight
 v - a potion of magic {unknown}
 w - a potion of lignification {unknown}
 x - a potion of brilliance


   Skills:
 * Level 6.2 Fighting
 * Level 6.2 Maces & Flails
 + Level 3.7 Throwing
 + Level 3.9 Armour
 + Level 3.9 Dodging
 + Level 4.2 Stealth


You had 7 spell levels left.
You didn't know any spells.
Your spell library contained the following spells:

 Spells                   Type           Power      Damage    Failure   Level
 Apportation              Tloc           0%         N/A       43%         1
 Freeze                   Ice            0%         1d3       43%         1
 Necrotise                Necr           0%         1d4       43%         1
 Poisonous Vapours        Pois/Air       0%         N/A       56%         2
 Frozen Ramparts          Ice            0%         1d1       80%         3
 Hailstorm                Conj/Ice       0%         3d3       80%         3
 Ignite Poison            Fire/Tmut/Pois 0%         N/A       80%         3
 Mephitic Cloud           Conj/Pois/Air  0%         N/A       80%         3
 Passage of Golubria      Tloc           0%         N/A       99%         4
 Freezing Cloud           Conj/Ice/Air   0%         6-21      100%        5
 Silence                  Hex/Air        0%         N/A       100%        5
 Borgnjor's Revivificati  Necr           0%         N/A       100%        8
 Lehudib's Crystal Spear  Conj/Erth      0%         10d2      100%        8
 Necromutation            Tmut/Necr      0%         N/A       100%        8
 Death's Door             Necr           0%         N/A       100%        9
 Summon Small Mammal      Summ           Unusable   N/A       N/A         1
 Cigotuvi's Dreadful Rot  Necr/Pois/Air  Unusable   N/A       N/A         2

Dungeon Overview and Level Annotations

Branches:
Dungeon (6/15)             Temple (1/1) D:4

Altars:
Ashenzari
Elyvilon
Fedhas
Hepliaklqana
Okawaru
Qazlal
Ru
Sif Muna
Trog
Vehumet
Xom
Yredelemnul
Zin
The Shining One


Innate Abilities, Weirdness & Mutations

You are immune to sickness and miasma.
Your stone body is resilient. (AC +5)
You are immune to poison.
You resist negative energy. (rN+)
You are resistant to electric shocks. (rElec)
You are resistant to unholy torment.
You are immune to petrification.


Message History

The bullfrog explodes!
The fiery explosion engulfs you!
* * * LOW HITPOINT WARNING * * *
The fiery explosion engulfs the gnoll!!!
Okawaru accepts your kill.
The fiery explosion engulfs the gnoll bouda!!!
You kill the gnoll bouda!
Okawaru accepts your kill.
The gnoll explodes!
The fiery explosion engulfs the adder!!!
Okawaru accepts your kill.
The fiery explosion engulfs the scorpion!!
Okawaru accepts your kill.
The scorpion explodes!
The fiery explosion engulfs the sky beast!
Flame seeps out of the sky beast.
The sky beast is heavily wounded.
The fiery explosion engulfs the gnoll!!!
You kill the gnoll!
Okawaru accepts your kill. x2
You feel a bit more experienced.
You hear an explosion!
Okawaru accepts your kill.
You feel a bit more experienced.
The fiery explosion engulfs the sky beast!!!
Okawaru accepts your kill. x2
You feel a bit more experienced.
The sky beast explodes!
The adder explodes!
Your Fighting skill increases to level 6!
Your Maces & Flails skill increases to level 6!
Your Stealth skill increases to level 4!
You feel better.
It was a potion of brilliance.
You feel clever all of a sudden. The gnoll hits you but does no damage.
The gnoll hits you but does no damage. The gnoll barely misses you.
The ogre hits you with a +0 giant spiked club!!
Ouch! That really hurt!
You die...

##########
#....W...#
#.#.gO@..####
#.#.)_......#
#)))).......#
#...........#
#§)§§.'.....#
#######.....#
....
....###'##
...#
....#...#
...#
...Y.#...#


You could see an ogre, a phantom and a gnoll (swift).

Vanquished Creatures
  Menkaure (D:4)
  2 sky beasts (D:6)
  An ogre (D:4)
  2 bullfrogs
  5 scorpions
  A wight (D:5)
  2 hounds (D:5)
  An orc priest (D:4)
  A jelly (D:6)
  A gnoll bouda (D:6)
  A sleepcap (D:5)
  Jessica (D:2)
  Ijyb (D:5)
  2 iguanas (D:5)
  An orc wizard (D:3)
  5 scorpion zombies (D:4)
  2 hound zombies (D:4)
  A hound skeleton (D:4)
  A howler monkey zombie (D:4)
  8 gnolls
  4 adders
  3 shadow imps
  A white imp (D:5)
  An adder zombie (D:4)
  3 dart slugs
  8 orcs
  9 endoplasms
  5 giant cockroaches
  7 hobgoblins
  4 jackals
  4 kobolds
  2 quokkas (D:2)
  6 ball pythons
  A frilled lizard (D:1)
  7 goblins
  4 rats
109 creatures vanquished.

Notes
Turn   | Place    | Note
-------+----------+-------------------------------------------
     0 | D:1      | RancidPinata the Gargoyle Gladiator began the quest for the
                  | Orb.
     0 | D:1      | Reached XP level 1. HP: 12/12 MP: 1/1
   338 | D:1      | Reached XP level 2. HP: 18/18 MP: 2/2
   739 | D:1      | Found a hazy altar of Hepliaklqana.
   901 | D:2      | Found a shimmering blue altar of Sif Muna.
   918 | D:2      | Noticed Jessica
   936 | D:2      | Killed Jessica
   937 | D:2      | Reached skill level 1 in Armour
   937 | D:2      | Reached XP level 3. HP: 14/22 MP: 3/3
  1271 | D:2      | Found a faded altar of an unknown god.
  1425 | D:2      | Reached skill level 1 in Stealth
  1471 | D:2      | Reached XP level 4. HP: 28/28 MP: 4/4
  2474 | D:4      | Noticed a scorpion
  2474 | D:4      | Noticed an ogre
  2558 | D:4      | Noticed Menkaure
  2568 | D:4      | Reached XP level 5. HP: 11/32 MP: 5/5
  2573 | D:4      | Killed Menkaure
  2574 | D:4      | Reached XP level 6. HP: 15/38 MP: 6/6
  3069 | D:4      | Reached XP level 7. HP: 40/44 MP: 7/7
  3302 | D:4      | Reached skill level 5 in Maces & Flails
  3443 | D:4      | Found a staircase to the Ecumenical Temple.
  3449 | Temple   | Entered the Ecumenical Temple
  3663 | Temple   | Became a worshipper of Warmaster Okawaru
  3900 | D:5      | Entered Level 5 of the Dungeon
  3974 | D:5      | Reached skill level 5 in Fighting
  4134 | D:5      | Noticed Ijyb
  4173 | D:5      | Killed Ijyb
  4344 | D:5      | Reached XP level 8. HP: 47/49 MP: 8/8
  4595 | D:5      | Found a hazy altar of Hepliaklqana.
  4712 | D:5      | Reached * piety under Okawaru
  5031 | D:6      | Found a blossoming altar of Fedhas.
  5056 | D:6      | Mangled by an ogre

Illustrated notes

Levels and vault maps discovered:
D:1:      dpeg_arrival_water_altar, layout_basic, minmay_misc_feat_roman,
          minmay_worlds_worst_comb
D:2:      minmay_door_path, layout_basic, basic_altar,
          shapermc_ecumenical_altar_acropolis, uniq_jessica
D:3:      layout_basic
D:4:      layout_basic, minmay_temple_entry_enclosed_plants, serial_undead,
          serial_undead_c, serial_undead_b, serial_undead_d, serial_undead_d,
          chequers_serial_rivers_micro_c, uniq_menkaure
D:5:      layout_rooms, mainiacjoe_overflow_alcove_2, minmay_misc_feat_chi,
          uniq_ijyb
D:6:      layout_gridville, mainiacjoe_overflow_catwalk, fedhas_altar_3,
          mainiacjoe_overflow_tiny_flanked, grunt_temple_overflow_open,
          minmay_joined_circles
Temple:   grunt_temple_mini_profane

Skill      XL: |  1  2  3  4  5  6  7  8 |
---------------+-------------------------+-----
Throwing       | 2 3 |  3.7
Armour         | 1 2 3 |  3.9
Fighting       | 3 4 5 6 |  6.2
Stealth        | 1 2 3 4 |  4.2
Maces & Flails | 4 5 6 |  6.2
Dodging        | 3 |  3.9

Action                     |  1- 3 |  4- 6 |  7- 9 || total
---------------------------+-------+-------+-------++-------
  Melee: Flail             |    72 |   110 |   184 ||   366
         Unarmed           |       |       |    17 ||    17
         Punch             |       |       |     1 ||     1
  Throw: Stone             |       |       |    23 ||    23
    Use: Potion            |       |     4 |     5 ||     9
         Scroll            |       |       |     1 ||     1
   Stab: Sleeping          |     2 |       |       ||     2
 Armour: Leather armour    |    24 |       |       ||    24
         Ring mail         |     3 |    53 |   122 ||   178
  Dodge: Dodged            |    59 |    60 |   154 ||   273
